 Dungeon Crawl Stone Soup version 0.30.1-11-g7821555f0a (webtiles) character file.

Game seed: 15992518751952948608

46 Okkudo the Chopper (level 3, 0/34 HPs)
             Began as a Hill Orc Monk on Dec 8, 2023.
             Killed from afar by Robin (12 damage)
             ... with a bolt of light
             ... on level 2 of the Dungeon.
             The game lasted 00:03:19 (791 turns).

Okkudo the Chopper (Hill Orc Monk)                   Turns: 791, Time: 00:03:20

Health: 0/34       AC:  3    Str: 15    XL:     3   Next: 66%
Magic:  3/3        EV: 12    Int: 10    God:
Gold:   56         SH:  0    Dex: 13    Spells: 2/2 levels left

rFire   . . .        a - +0 hand axe
rCold   . . .        d - orb {light}
rNeg    . . .        l - +0 leather armour
rPois   .            (no helmet)
rElec   .            k - scarf {repulsion}
rCorr   .            (no gloves)
SInv    .            (no boots)
Will    .....        (no amulet)
Stlth   +            (no ring)
HPRegen 0.25/turn    (no ring)
MPRegen 0.08/turn

%: repel missiles
@: glowing
A: no striking features
a: no special abilities


You were on level 2 of the Dungeon.
You visited 1 branch of the dungeon, and saw 2 of its levels.

You collected 56 gold pieces.

Inventory:

Hand Weapons
 a - a +0 hand axe (weapon)
Armour
 d - an orb of light (worn)
 k - a scarf of repulsion (worn)
 l - a +0 leather armour (worn)
Scrolls
 f - a scroll of poison {unknown}
 g - a scroll of noise {unknown}
 h - 2 scrolls of fear {unknown}
 j - 2 scrolls of immolation {unknown}
Potions
 b - a potion of degeneration {unknown}
 c - a potion of ambrosia
 e - 2 potions of flight {unknown}
 i - a potion of resistance {unknown}
 m - a potion of curing {unknown}


   Skills:
 + Level 4.3 Fighting
 + Level 4.7 Axes
 + Level 2.9 Dodging


You had 2 spell levels left.
You didn't know any spells.
Your spell library was empty.

Dungeon Overview and Level Annotations

Branches:
Dungeon (2/15)

Altars:

Annotations:
D:2 Robin


Message History

You hit the hobgoblin.
The hobgoblin is lightly wounded.
The hobgoblin misses you.
You hit the hobgoblin but do no damage.
The hobgoblin is lightly wounded.
Robin of the Strong Arm comes into view.
They are wielding a +0 spear and carrying a wand of light (10).
The hobgoblin completely misses you.
You hit the hobgoblin but do no damage.
The hobgoblin is lightly wounded.
The hobgoblin barely misses you.
You hit the hobgoblin but do no damage.
The hobgoblin is lightly wounded.
The hobgoblin hits you.
You hit the hobgoblin.
The hobgoblin is almost dead.
Robin roars a battlecry!
The hobgoblin goes into a battle-frenzy!
The hobgoblin hits you.
You hear a shout! x4
You slash the hobgoblin!
You kill the hobgoblin!
Robin barely misses you.
Robin zaps a wand.
The bolt of light misses you.
You hit Robin.
Robin is lightly wounded.
Robin zaps a wand.
The bolt of light hits you!!
You are confused.
Ouch! That really hurt!
You bump into the rock wall.
Robin barely misses you.
You're too confused to move!
Robin closely misses you.
A goblin comes into view. It is wielding a +0 club.
You bump into the rock wall.
You feel less confused. Robin closely misses you.
You hit Robin.
Robin is moderately wounded.
Robin barely misses you.
A goblin comes into view. It is wielding a +0 dagger.
Robin zaps a wand.
The bolt of light hits you!
You die...

≈≈≈≈≈~~~...##.....#.#
≈≈~~~~...####.....#<#
~~~#.....# #.....#.#
.###...[.# #.....#.#
.. .###### #.....#.#
.... #.......# ....
####.#### #)# #@# #g#
#g# .g# ###


You could see Robin and 2 goblins.

Vanquished Creatures
  An adder (D:2)
  A dart slug (D:1)
  4 endoplasms
  4 giant cockroaches
  3 goblins
  2 hobgoblins (D:2)
  3 quokkas (D:1)
  3 ball pythons
  3 bats
  2 frilled lizards (D:1)
  2 kobolds
  6 rats
34 creatures vanquished.

Notes
Turn   | Place    | Note
-------+----------+-------------------------------------------
     0 | D:1      | Okkudo the Hill Orc Monk began the quest for the Orb.
     0 | D:1      | Reached XP level 1. HP: 19/19 MP: 1/1
    74 | D:1      | Reached XP level 2. HP: 25/27 MP: 2/2
   309 | D:1      | Reached XP level 3. HP: 26/33 MP: 3/3
   781 | D:2      | Noticed Robin
   791 | D:2      | Killed from afar by Robin

Illustrated notes

Levels and vault maps discovered:
D:1:      shiori_arrival_maze, layout_rooms
D:2:      wander_river, layout_loops_cross, shapermc_ecumenical_altar_rom_forum,
          nicolae_figureground_pulse, uniq_robin

Skill      XL: |  1  2 |
---------------+-------+-----
Fighting       | 4 |  4.3
Axes           | |  4.7
Dodging        | |  2.9

Action                     || total
---------------------------++-------
  Melee: Hand axe          ||    82
 Armour: Robe              ||    11
         Leather armour    ||     9
  Dodge: Dodged            ||    77
